 Dungeon Crawl Stone Soup version 0.32-a0-519-g08f29ac1c3 (webtiles) character file.

Game seed: 5984231804129170068

39 seren the Sneak (level 3, -1/27 HPs)
             Began as a Coglin Brigand on Feb 27, 2024.
             Slain by a ribbon worm (6 damage)
             ... on level 1 of the Dungeon.
             The game lasted 00:03:09 (798 turns).

seren the Sneak (Coglin Brigand)                     Turns: 798, Time: 00:03:10

Health: -1/27      AC:  3    Str: 11    XL:     3   Next: 45%
Magic:  3/3        EV:  2    Int: 10    God:
Gold:   27         SH:  0    Dex: 17    Spells: 2/2 levels left

rFire   . . .        a - +2 dagger {Kamaljyot}
rCold   . . .        f - +0 dagger {Henutmehyt}
rNeg    . . .        b - +0 robe
rPois   .            (no helmet)
rElec   .            c - +0 cloak
rCorr   .            (no gloves)
SInv    .            (no boots)
Will    .....        (no amulet)
Stlth   +++          (ring unavailable)
HPRegen 0.24/turn    (ring unavailable)
MPRegen 0.08/turn

%: no passive effects
@: constricted, revving
A: off-hand wielding, slow wielding, warmup strikes, no rings
a: no special abilities


You were on level 1 of the Dungeon.
You visited 1 branch of the dungeon, and saw 2 of its levels.

You collected 27 gold pieces.

Inventory:

Hand Weapons
 a - a +2 dagger (weapon) {Kamaljyot}
 f - a +0 dagger (offhand) {Henutmehyt}
Missiles
 d - 9 poisoned darts (quivered)
 e - 3 curare-tipped darts
Armour
 b - a +0 robe (worn)
 c - a +0 cloak (worn)
Scrolls
 h - 2 scrolls of identify {unknown}
 i - a scroll of teleportation {unknown}
 j - a scroll of enchant weapon {unknown}
Potions
 g - a potion of berserk rage {unknown}


   Skills:
 + Level 2.3 Fighting
 * Level 2.5 Short Blades
 + Level 2.1 Throwing
 + Level 1.2 Dodging
 + Level 3.4 Stealth


You had 2 spell levels left.
You didn't know any spells.
Your spell library contained the following spells:

 Spells                   Type           Power      Damage    Failure   Level
 Call Imp                 Summ           0%         N/A       50%         2
 Sublimation of Blood     Necr           0%         N/A       50%         2
 Summon Hydra             Summ           0%         N/A       100%        7


Dungeon Overview and Level Annotations

Branches:
Dungeon (2/15)

Altars:


Innate Abilities, Weirdness & Mutations

You can wield a second weapon in your off-hand.
It takes a long time for you to wield or remove held weapons.
Your first few attacks do less damage.
Your grasper-arms cannot wear rings.


Message History

There is a stone staircase leading down here.
You climb downwards.
Found 2 poisoned darts, a bubbling brown potion, a robe and 16 gold pieces.
Found a stone staircase leading up.
There is a stone staircase leading up here.
You hit the ribbon worm with your +0 dagger.
The ribbon worm is lightly wounded.
You hit the ribbon worm with your +2 dagger.
The ribbon worm bites you!
You hit the ribbon worm with your +2 dagger.
The ribbon worm is heavily wounded.
You hit the ribbon worm with your +0 dagger.
The ball python hisses angrily.
You hit the ribbon worm with your +2 dagger.
The ribbon worm is almost dead.
You hit the ribbon worm but do no damage.
The ribbon worm misses you.
You hit the ribbon worm but do no damage.
The ribbon worm is almost dead.
You completely miss the ribbon worm with your +2 dagger.
The ball python misses you. The ball python grabs you.
The ball python constricts you. The ribbon worm bites you!
* * * LOW HITPOINT WARNING * * *
You escape the ball python's grasp.
You climb upwards.
There is a stone staircase leading down here.
You hit the ribbon worm but do no damage.
The ribbon worm is almost dead.
You barely miss the ribbon worm with your +0 dagger.
The ball python bites you but does no damage.
The ball python grabs you. The ball python constricts you.
* * * LOW HITPOINT WARNING * * *
The ribbon worm bites you.
* * * LOW HITPOINT WARNING * * *
The ball python bites you.
* * * LOW HITPOINT WARNING * * *
The ball python constricts you.
The ball python's grasp on you weakens, but your attempt to escape fails.
The ribbon worm bites you.
You die...

+##.............#......#.# #....
..#..#....>..#..#......#.# #....
#......................#.####....
###..#.......#....÷....#.........
##...................######....
######.#.#.#.###...........##....
.....#####.................##....
.....# #...##............##....
.....#####...##.@w...÷...........
.....'÷.)÷.....#.S.........####.#
.....#########.#.#####.....# #.#
.............#.#.# #.....# #.#
.....#######.#.#.# #.....# #..
.....# #.).....#.# #.....# ###
.....# #.......#.# #.....# .....#
###.....#.# #.....# ##+###
#.#.#.#.# #.....#


You could see a ribbon worm and a ball python.

Vanquished Creatures
  4 dart slugs (D:1)
  3 bats (D:1)
  An endoplasm (D:1)
  A giant cockroach (D:1)
  3 goblins (D:1)
  3 hobgoblins (D:1)
  2 quokkas (D:1)
  5 ball pythons (D:1)
  2 frilled lizards (D:1)
  5 kobolds (D:1)
  2 rats (D:1)
31 creatures vanquished.

Notes
Turn   | Place    | Note
-------+----------+-------------------------------------------
     0 | D:1      | seren the Coglin Brigand began the quest for the Orb.
     0 | D:1      | Reached XP level 1. HP: 16/16 MP: 1/1
    76 | D:1      | Reached skill level 1 in Dodging
    88 | D:1      | Reached XP level 2. HP: 16/22 MP: 2/2
   279 | D:1      | Reached XP level 3. HP: 19/27 MP: 3/3
   798 | D:1      | Slain by a ribbon worm

Illustrated notes

Levels and vault maps discovered:
D:1:      minmay_arrival_shattered_statue, layout_basic, st_stairs_4
D:2:      layout_rooms

Skill      XL: |  1  2 |
---------------+-------+-----
Dodging        | 1 |  1.2
Short Blades   | 2 |  2.5
Throwing       | 2 |  2.1
Fighting       | |  2.3
Stealth        | |  3.4

Action                     || total
---------------------------++-------
  Melee: Dagger            ||   124
   Stab: Sleeping          ||     3
 Armour: Robe              ||    40
  Dodge: Dodged            ||    47
         Repelled          ||     3

Table legend: (Time is in decaauts)
 A = Elapsed time spent in this place.
 B = Non-inter-level travel time spent in this place.
 C = Inter-level travel time spent in this place.
 D = Time resting spent in this place.
 E = Time spent auto-exploring this place.
 F = Levels seen in this place.
 G = Mean time per level.
                   A        B        C        D        E       F      G
               +--------+--------+--------+--------+--------+-----+--------+
         Total |    790 |    757 |     33 |     70 |    461 |   2 |  395.0 |
       Dungeon |    790 |    757 |     33 |     70 |    461 |   2 |  395.0 |
               +--------+--------+--------+--------+--------+-----+--------+

Top non-repeatable levels by time:
     D:1: 782 daAuts
     D:2: 8 daAuts
